 Dungeon Crawl Stone Soup version 0.27.1-34-g3ba077fa99 (webtiles) character file.

Game seed: 10321663773097530222

23 Descartes the Grasshopper (level 3, 0/27 HPs)
             Began as a Formicid Warper on Jan 9, 2022.
             Succumbed to an adder's poison
             ... on level 2 of the Dungeon.
             The game lasted 00:01:26 (839 turns).

Descartes the Grasshopper (Formicid Warper)          Turns: 839, Time: 00:01:27

Health: 0/27       AC:  3    Str: 15    XL:     3   Next: 10%
Magic:  6/6        EV: 11    Int: 13    God:
Gold:   34         SH:  0    Dex: 10    Spells: 6/6 levels left

rFire    . . .     SeeInvis +   a - +0 mace
rCold    . . .     Faith    .   (no shield)
rNeg     . . .     Spirit   .   b - +0 leather armour
rPois    .         Reflect  .   (helmet unavailable)
rElec    .         Harm     .   (no cloak)
rCorr    .         Rampage  .   (no gloves)
Will     .....                  (no boots)
Stlth    +.........             (no amulet)
HPRegen  0.09/turn              (no ring)
MPRegen  0.10/turn              (no ring)

@: lethally poisoned (0 -> -10)
A: permanent stasis, dig shafts and tunnels, antennae 3, four strong arms
a: Dig, Shaft Self


You were on level 2 of the Dungeon.
You visited 1 branch of the dungeon, and saw 2 of its levels.

You collected 34 gold pieces.

Inventory:

Hand Weapons
 a - a +0 mace (weapon)
Missiles
 c - 5 boomerangs of dispersal (quivered)
 e - 18 arrows
 i - 50 stones
Armour
 b - a +0 leather armour (worn)
Scrolls
 g - a scroll of torment {unknown}
 h - a scroll of identify {unknown}
 j - a scroll of teleportation {unknown}
Potions
 d - a potion of heal wounds {unknown}
 f - a potion of flight {unknown}
 k - a potion of brilliance {unknown}


   Skills:
 - Level 2.1 Fighting
 + Level 2.4 Maces & Flails
 - Level 1.0 Throwing
 + Level 1.9 Armour
 - Level 1.7 Dodging
 + Level 2.3 Spellcasting
 + Level 3.0 Translocations


You had 6 spell levels left.
You didn't know any spells.
Your spell library contained the following spells:

 Spells                   Type           Power      Damage    Failure   Level
 Gell's Gravitas          Tloc           4%         N/A       26%         3
 Lesser Beckoning         Tloc           4%         N/A       26%         3
 Teleport Other           Tloc           9%         N/A       26%         3
 Manifold Assault         Tloc           9%         N/A       94%         5
 Blink                    Tloc           Unusable   N/A       N/A         2

Dungeon Overview and Level Annotations

Branches:
Dungeon (2/15)

Altars:


Innate Abilities, Weirdness & Mutations

You cannot be hasted, slowed, berserked, paralysed or teleported.
You can dig through walls and to a lower floor.
You have a pair of large antennae on your head. (SInv)
Your four strong arms can wield two-handed weapons with a shield.


Message History

You closely miss the adder.
The adder is lightly wounded.
You feel very sick. The adder misses you.
You barely miss the adder.
The adder is lightly wounded.
You feel very sick. The adder barely misses you. The adder closely misses you.
You are too injured to fight recklessly!
You are too injured to fight recklessly!
You are too injured to fight recklessly!
You are too injured to fight recklessly!
You are too injured to fight recklessly!
You are too injured to fight recklessly!
You are too injured to fight recklessly!
You are too injured to fight recklessly!
You are too injured to fight recklessly!
You hit the adder.
The adder is moderately wounded.
You feel sick.
A jackal comes into view.
The adder bites you but does no damage. The adder barely misses you.
You completely miss the adder.
The adder is moderately wounded.
You feel sick. The adder bites you.
* * * LOW HITPOINT WARNING * * *
* * * LOW HITPOINT WARNING * * *
You feel sick.
You closely miss the adder.
The adder is moderately wounded.
* * * LOW HITPOINT WARNING * * *
You feel sick. The adder barely misses you. The adder bites you.
* * * LOW HITPOINT WARNING * * *
You are more poisoned.
The adder poisons you!
A jackal comes into view.
The jackal barks!
You hit the adder.
The adder is heavily wounded.
You die...

.#### .h.#. #...####
##$.....## ##........##
#..........##
#....h......# #########
#...........###........
#.....S@...............
............####........
...........## #........
.#..........# #........
............# #<.......
#...........# #.<......
#...........# #........
...........# #........
##.######


You could see an adder and 2 jackals.

Vanquished Creatures
  A dart slug (D:1)
  3 endoplasms (D:1)
  2 goblins (D:1)
  A hobgoblin (D:1)
  A kobold (D:1)
  A quokka (D:1)
  7 ball pythons (D:1)
  A frilled lizard (D:1)
  2 rats (D:1)
19 creatures vanquished.

Notes
Turn   | Place    | Note
-------+----------+-------------------------------------------
     0 | D:1      | Descartes the Formicid Warper began the quest for the Orb.
     0 | D:1      | Reached XP level 1. HP: 16/16 MP: 3/3
   287 | D:1      | Reached XP level 2. HP: 22/22 MP: 5/5
   606 | D:1      | Reached skill level 3 in Translocations
   730 | D:1      | Reached XP level 3. HP: 27/27 MP: 6/6
   839 | D:2      | Succumbed to an adder's poison

Illustrated notes

Levels and vault maps discovered:
D:1:      scummos_arrival_gate, layout_basic
D:2:      layout_rooms, serial_shops, shop,
          nicolae_shop_temple_entry_statues_fountains, uniq_terence

Skill      XL: |  1  2 |
---------------+-------+-----
Translocations | 3 |  3.0
Fighting       | |  2.1
Maces & Flails | |  2.4
Throwing       | |  1.0
Armour         | |  1.9
Dodging        | |  1.7
Spellcasting   | |  2.3

Action                   || total
-------------------------++-------
Melee: Mace              ||    47
Armor: Leather armour    ||     9
Dodge: Dodged            ||    28
